 Dungeon Crawl Stone Soup version 0.32-a0-699-g1ee5eff69a (webtiles) character file.

Game seed: 2441107435432569900

2391750 cojito the Slayer (level 27, 319/319 HPs)
             Began as an Oni Wanderer on Mar 13, 2024.
             Was the Champion of Cheibriados.
             Escaped with the Orb
             ... and 4 runes!
             The game lasted 03:16:41 (68045 turns).

cojito the Slayer (Oni Wanderer)                   Turns: 68045, Time: 03:16:42

Health: 319/319    AC: 23    Str: 41    XL:     27
Magic:  37/37      EV: 21    Int: 37    God:    Cheibriados [******]
Gold:   11043      SH: 28    Dex: 24    Spells: 1/56 levels left

rFire   + + +        a - +9 broad axe (heavy)
rCold   . . .        N - +5 tower shield
rNeg    + . .        f - quicksilver dragon scales "Rawnum" {Will+ Regen+ Int+2}
rPois   +            c - +1 hat "Poemafos" {rPois Will+}
rElec   +            E - +2 cloak
rCorr   +            (gloves unavailable)
SInv    +            (boots unavailable)
Will    ++++.        T - amulet of regeneration Stlth
                     s - ring of Fanaticism {rF++ rN+ Stlth-}
HPRegen 2.33/turn    K - ring "Wifyhac" {rElec rF+ rCorr SInv}
MPRegen 0.25/turn

%: clarity
@: studying Maces & Flails, very slow
A: large, unfitting armour, horns 1, tough skin 1, double potion healing,
drunken brawling, talons 1, iridescent scales 1, clarity, clumsy 1, low MP 1,
screaming 1, electricity resistance, strong 1
0: Orb of Zot
}: 4/15 runes: decaying, slimy, silver, gossamer
a: Renounce Religion, Bend Time, Temporal Distortion, Slouch, Step From Time


You escaped.
You worshipped Cheibriados.
Cheibriados was exalted by your worship.
You visited 12 branches of the dungeon, and saw 54 of its levels.
You visited 1 bazaar.
You also visited: Trove, Gauntlet and Volcano.

You collected 14000 gold pieces.
You spent 2957 gold pieces at shops.

Inventory:

Hand Weapons
 a - a +9 heavy broad axe (weapon)
Armour
 c - the +1 hat "Poemafos" (worn) {rPois Will+}
   (You found it in a treasure trove)

   rPois:     It protects you from poison.
   Will+:     It increases your willpower.
 f - the quicksilver dragon scales "Rawnum" (worn) {Will+ Regen+ Int+2}
   (You acquired it on level 15 of the Dungeon)

   Int+2:     It affects your intelligence (+2).
   Will+:     It increases your willpower.
   Regen+:    It increases your rate of health regeneration.
 E - a +2 cloak (worn)
 I - the scarf of Entitlement {repulsion, *Corrode rElec MP+9 Str+3}
   (You found it on level 4 of the Spider Nest)

   Str+3:     It affects your strength (+3).
   rElec:     It insulates you from electricity.
   MP+9:      It affects your magic capacity (+9).
   *Corrode:  It may corrode you when you take damage.
 N - a +5 tower shield (worn)
Magical Staves
 b - a staff of conjuration
 d - the staff of Incongruity {rF+ MP+9 Str+3 Summ Fire Alchemy}
   (You took it off a deep elf archer on level 3 of the Elven Halls)

   [staff of fire]

   Base accuracy: +5 Base damage: 5 Base attack delay: 1.2 This weapon's minimum
   attack delay (0.6) is reached at skill level 12.
   Str+3:     It affects your strength (+3).
   rF+:       It protects you from fire.
   MP+9:      It affects your magic capacity (+9).
   Summ:      It increases the power of your Summonings spells.
   Fire:      It increases the power of your Fire spells.
   Alchemy:   It increases the power of your Alchemy spells.
   It falls into the 'Staves' category.
   It is a one-handed weapon.
Jewellery
 g - the amulet of Pablesurgh {Reflect Will+ Str+4 SH+5}
   (You found it in a treasure trove)

   [amulet of reflection]

   Reflect:   It reflects blocked missile attacks.
   Str+4:     It affects your strength (+4).
   Will+:     It increases your willpower.
   SH+5:      It affects your SH (+5).
 s - the ring of Fanaticism (left hand) {rF++ rN+ Stlth-}
   (You found it in a treasure trove)

   [ring of positive energy]

   rF++:      It greatly protects you from fire.
   rN+:       It protects you from negative energy.
   Stlth-:    It makes you less stealthy.
 t - a ring of protection from cold
 v - the ring of Daosugg {rElec rC+ rN+ Dex+6}
   (You found it on level 13 of the Dungeon)

   [ring of dexterity]

   Dex+6:     It affects your dexterity (+6).
   rC+:       It protects you from cold.
   rElec:     It insulates you from electricity.
   rN+:       It protects you from negative energy.
 A - the amulet of Sin {Fly rElec Regen+ rCorr Int-3}
   (You found it in a treasure trove)

   [amulet of regeneration]

   Int-3:     It affects your intelligence (-3).
   rElec:     It insulates you from electricity.
   Fly:       It grants you flight.
   Regen+:    It increases your rate of health regeneration.
   rCorr:     It protects you from acid and corrosion.
 K - the ring "Wifyhac" (right hand) {rElec rF+ rCorr SInv}
   (You found it in a Gauntlet)

   [ring of see invisible]

   rF+:       It protects you from fire.
   rElec:     It insulates you from electricity.
   SInv:      It lets you see invisible.
   rCorr:     It protects you from acid and corrosion.
 T - an amulet of regeneration (around neck)
 V - an amulet of the acrobat
Wands
 i - a wand of digging (24)
 y - a wand of warping (52)
 M - a wand of quicksilver (32)
Scrolls
 n - 5 scrolls of poison
 o - 6 scrolls of enchant weapon
 q - 3 scrolls of noise
 r - 8 scrolls of fog
 u - 6 scrolls of silence
 w - 7 scrolls of immolation
 x - 6 scrolls of butterflies
 H - a scroll of blinking
 O - 3 scrolls of fear
 P - 9 scrolls of amnesia
 Q - a scroll of enchant armour
 W - a scroll of brand weapon
 Y - 6 scrolls of teleportation
Potions
 e - 8 potions of curing
 k - 2 potions of enlightenment
 l - 9 potions of attraction
 m - a potion of might
 p - a potion of mutation
 z - 7 potions of resistance
 B - 5 potions of magic
 C - 6 potions of berserk rage
 D - 2 potions of brilliance
 F - a potion of invisibility
 G - 6 potions of lignification
 J - 4 potions of ambrosia
 X - 3 potions of cancellation
 Z - 2 potions of heal wounds
Miscellaneous
 h - a phial of floods
 j - a box of beasts
 R - a lightning rod (4/4)
 S - a condenser vane
 U - a phantom mirror


   Skills:
 + Level 26.4 Fighting
 + Level 13.5(14.4) Axes
 - Level 7.9(11.7) Maces & Flails
 + Level 16.9 Armour
 + Level 16.5 Dodging
 + Level 19.1 Shields
 - Level 15.0 Spellcasting
 - Level 14.0 Conjurations
 - Level 4.7 Hexes
 - Level 14.2 Summonings
 - Level 5.0 Necromancy
 - Level 6.0 Fire Magic
 - Level 14.0 Air Magic
 - Level 4.6 Alchemy
 - Level 12.0 Invocations
 - Level 3.0 Evocations


You had one spell level left.
You knew the following spells:

 Your Spells              Type           Power      Damage    Failure   Level
a - Airstrike             Air            46%        2d(7-23)  1%          4
b - Vhi's Electric Charg  Tloc/Air       100%       N/A       1%          4
c - Yara's Violent Unrav  Hex/Alch       29%        3d12      9%          5
d - Conjure Ball Lightni  Conj/Air       46%        3x3d16    1%          6
e - Summon Blazeheart Go  Fire/Summ      80%        N/A       1%          4
f - Spellforged Servitor  Conj/Summ      46%        N/A       5%          7
g - Orb of Destruction    Conj           46%        9d12      6%          7
h - Summon Hydra          Summ           46%        N/A       5%          7
i - Malign Gateway        Summ/Tloc      34%        N/A       69%         7
j - Dispel Undead         Necr           59%        3d21      2%          4

Your spell library contained the following spells:

 Spells                   Type           Power      Damage    Failure   Level
 Shock                    Conj/Air       100%       1d9       0%          1
 Summon Small Mammal      Summ           100%       N/A       0%          1
 Foxfire                  Conj/Fire      100%       2x1d9     1%          1
 Kiss of Death            Conj/Necr      100%       2d13      1%          1
 Necrotise                Necr           100%       1d9       1%          1
 Slow                     Hex            100%       N/A       1%          1
 Sting                    Conj/Alch      100%       1d9       1%          1
 Apportation              Tloc           54%        N/A       2%          1
 Freeze                   Ice            100%       1d10      2%          1
 Cigotuvi's Dreadful Rot  Necr/Alch/Air  100%       N/A       1%          2
 Ensorcelled Hibernation  Hex/Ice        90%        N/A       1%          2
 Jinxbite                 Hex            100%       N/A       1%          2
 Mercury Vapours          Alch/Air       100%       N/A       1%          2
 Sublimation of Blood     Necr           59%        N/A       1%          2
 Call Canine Familiar     Summ           93%        N/A       1%          3
 Confusing Touch          Hex            58%        N/A       1%          3
 Dazzling Flash           Conj/Hex       100%       N/A       1%          3
 Fugue of the Fallen      Necr           59%        N/A       1%          3
 Hailstorm                Conj/Ice       68%        3d12      1%          3
 Inner Flame              Hex/Fire       61%        N/A       1%          3
 Mephitic Cloud           Conj/Alch/Air  83%        N/A       1%          3
 Sigil of Binding         Hex            58%        N/A       1%          3
 Stone Arrow              Conj/Erth      100%       3d13      1%          3
 Summon Ice Beast         Ice/Summ       69%        N/A       1%          3
 Swiftness                Air            92%        N/A       1%          3
 Tukima's Dance           Hex            58%        N/A       1%          3
 Vampiric Draining        Necr           59%        2d10      1%          3
 Animate Armour           Summ/Erth      100%       N/A       1%          4
 Brom's Barrelling Bould  Conj/Erth      68%        2d8       1%          4
 Flame Wave               Conj/Fire      80%        2d17      1%          4
 Iskenderun's Mystic Bla  Conj/Tloc      68%        2d14      1%          4
 Martyr's Knell           Necr/Summ      78%        N/A       1%          4
 Arcjolt                  Conj/Air       46%        1d56      1%          5
 Fireball                 Conj/Fire      40%        3d16      1%          5
 Irradiate                Conj/Alch      38%        3d24      1%          5
 Iskenderun's Battlesphe  Conj           93%        2d14      1%          5
 Silence                  Hex/Air        38%        N/A       1%          5
 Animate Dead             Necr           59%        N/A       2%          4
 Ignite Poison            Fire/Alch      61%        N/A       2%          4
 Sticky Flame             Fire/Alch      61%        2d10      2%          4
 Olgreb's Toxic Radiance  Alch           58%        N/A       3%          4
 Summon Forest            Summ/Tloc      34%        N/A       3%          5
 Plasma Beam              Fire/Air       40%        2x1d54    5%          6
 Starburst                Conj/Fire      40%        6d11      5%          6
 Frozen Ramparts          Ice            54%        1d9       6%          3
 Ozocubu's Armour         Ice            27%        N/A       6%          3
 Passwall                 Erth           27%        N/A       6%          3
 Curse of Agony           Necr           59%        N/A       8%          5
 Dimensional Bullseye     Hex/Tloc       22%        N/A       9%          4
 Leda's Liquefaction      Alch/Erth      22%        N/A       9%          4
 Petrify                  Alch/Erth      45%        N/A       9%          4
 Alistair's Intoxication  Alch           38%        N/A       9%          5
 Manifold Assault         Tloc           27%        N/A       22%         4
 Borgnjor's Vile Clutch   Necr/Erth      23%        N/A       22%         5
 Metabolic Englaciation   Hex/Ice        22%        N/A       22%         5
 Death Channel            Necr           29%        N/A       38%         6
 Eringya's Noxious Bog    Alch           29%        4d6       43%         6
 Sculpt Simulacrum        Ice/Alch       22%        N/A       77%         6
 Enfeeble                 Hex            29%        N/A       95%         7
 Dispersal                Tloc           13%        N/A       97%         6
 Permafrost Eruption      Ice/Erth       13%        2x4d5     97%         6
 Ozocubu's Refrigeration  Ice            13%        4d10      100%        7
 Discord                  Hex            29%        N/A       100%        8
 Disjunction              Tloc           13%        N/A       100%        8
 Ignition                 Fire           32%        3d10      100%        8
 Lehudib's Crystal Spear  Conj/Erth      34%        10d9      100%        8


Dungeon Overview and Level Annotations

Branches:
Dungeon (15/15)            Temple (1/1) D:5            Lair (5/5) D:10
  Swamp (4/4) Lair:2       Spider (4/4) Lair:2        Slime (5/5) Lair:5
    Orc (2/2) D:12            Elf (3/3) Orc:2        Vaults (5/5) D:13
  Crypt (0/3) Vaults:2     Depths (4/4) D:15           Hell (visited)
    Dis (0/7) Hell            Geh (0/7) Hell            Coc (0/7) Hell
    Tar (0/7) Hell            Zot (5/5) Depths:4    Volcano (visited)
Gauntlet (visited)

Altars:
Ashenzari
Cheibriados
Dithmenos
Elyvilon
Fedhas
Gozag
Hepliaklqana
Kikubaaqudgha
Makhleb
Nemelex Xobeh
Okawaru
Qazlal
Ru
Sif Muna
Trog
Uskayaw
Vehumet
Wu Jian
Xom
Yredelemnul
Zin
The Shining One
Beogh
Jiyva

Shops:
D:4 *=!!   D:10 :   Orc:1 [   Orc:2 [*?*   Vaults:3 *

Portals:
Hell: Depths:1 Depths:2 Depths:3 Depths:4
Abyss: Depths:2 Depths:3
Pandemonium: Depths:1 Depths:2
Ziggurat: Depths:4

Annotations:
D:11 2 runed translucent doors, 2 transporters, Fodor's ghost, journeyman MiFi
Depths:3 Parghit


Innate Abilities, Weirdness & Mutations

You are too large for most types of armour.
You have a pair of small horns on your head.
You have tough skin. (AC +1)
You gain doubled healing and magic from potions.
Whenever you drink a healing potion, you attack all around you.
You have sharp toenails.
You are partially covered in iridescent scales. (AC +2)
You possess an exceptional clarity of mind.
You are clumsy. (Dex -2)
Your magical capacity is low. (-10% MP)
You occasionally shout uncontrollably at your foes.
You are resistant to electric shocks. (rElec)
Your muscles are strong. (Str +4, Int/Dex -1)


Message History

A mysterious force pulls you upwards. The hatch slams shut behind you.
HP restored.
There is a stone staircase leading up, spattered with blood here.
You climb upwards.
There is a stone staircase leading down, spattered with blood here.
There is a stone staircase leading up here.
You climb upwards.
There is a stone staircase leading down here.
There is a stone staircase leading up here.
You climb upwards.
There is a stone staircase leading down here.
You see here a water moccasin skeleton.
There is a stone staircase leading up, spattered with blood here.
You climb upwards.
There is a stone staircase leading down here.
A hellion comes into view.
You block the hellion's attack. The hellion misses you.
You barely miss the hellion. You claw the hellion! You headbutt the hellion.
The hellion is moderately wounded.
The hellion gestures at you.
The sphere of damnation explodes!
The damnation engulfs you!!
The damnation engulfs the hellion.
The hellion completely resists.
You carve the hellion like a ham!!!
You kill the hellion!
Cheibriados appreciates the change of pace.
There is an open door here.
HP restored.
There is a stone staircase leading up here.
You climb upwards.
There is a stone staircase leading down here.
There is an open door here.
There is a stone staircase leading up here.
You climb upwards.
There is a stone staircase leading down here.
You open the door.
There is an open door here.
Things that are here:
a +0 club; a goblin skeleton
There is a staircase leading out of the dungeon here.
You have escaped!

###########.###...#..#...........
# #.........##....##.###...#.#.#.
# #.#########..##.#....###.......
###.########..#.####....##.#.....
.......##..#.#### #..##..#.###.##
###....#......# ###..##..#.# #..#
#....#.#.#.####...#....#.# #..#
###....#.#..## #..####..##.####.#
.......#....# #@## #..##.#....#
.......###.############..#.#.####
#.##...# ###.#........##.#.#.# #
#.#....# #.#.###....####.#.####
#.#....# #.#.###....##......รท..
#....).# #.#.#...........#.####
#.#....#####.#.######.##...#.....
#.#....................#...#.....
.......#####.###########...#.....


There were no monsters in sight!

Vanquished Creatures
  the Royal Jelly (Slime:5)
  A pandemonium lord (D:14)
  2 dread liches (Vaults:4)
  2 orbs of fire (Zot:5)
  2 ancient liches
  Mara (Depths:3)
  A juggernaut (Depths:3)
  Xtahua (Vaults:5)
  2 Killer Klowns (Zot:5)
  Bai Suzhen (Vaults:1)
  3 curse toes
  Geryon (Hell)
  6 caustic shrikes
  The ghost of Gazog the Middleweight Champion, a veteran VSRe of Gozag (Zot:3)
  9 golden dragons
  2 doom hounds (Zot:4)
  2 electric golems (Zot:5)
  A hellephant (Hell)
  12 tentacled monstrosities
  A Hell Sentinel (Depths:2)
  A tainted leviathan (Hell)
  Grunn (Zot:4)
  4 deep elf blademasters
  A lich (Depths:3)
  12 titans
  5 sphinxes
  25 Orb Guardians
  4 deep elf master archers (Elf:3)
  A walking frostbound tome (Depths:3)
  9 quicksilver dragons
  25 acid blobs
  7 death cobs
  17 shadow dragons
  An ancient champion (Vaults:2)
  Gastronok (D:10)
  17 storm dragons
  13 tengu reavers
  14 azure jellies
  A daeva (Depths:4)
  7 rockslimes
  2 fenstrider witches
  3 draconian monks
  4 protean progenitors
  17 vault wardens
  6 draconian knights
  6 draconian shifters
  14 fire giants
  6 frost giants
  4 deep elf sorcerers
  8 emperor scorpions
  3 draconian scorchers
  A balrug (Hell)
  4 deep elf elementalists (Elf:3)
  6 reapers
  Louise (Elf:3)
  5 ghost moths
  5 orc warlords
  2 iron dragons
  7 draconian annihilators (Zot:2)
  11 quicksilver oozes
  19 ironbound preservers
  A formless jellyfish (Vaults:3)
  A cacodemon (Gauntlet)
  6 spriggan defenders
  7 ironbound thunderhulks
  21 stone giants
  5 draconian stormcallers
  13 green draconians
  2 broodmothers (Zot:5)
  26 very ugly things
  A putrid mouth (Hell)
  A deep elf demonologist (Vaults:5)
  4 eleionomae
  A vampire knight (Depths:2)
  2 lorocyprocas
  5 deep elf death magi
  7 spark wasps
  4 war gargoyles
  15 dire elephants
  13 red draconians
  7 purple draconians
  11 white draconians
  19 yellow draconians
  12 deep elf annihilators
  2 iron golems (Hell)
  5 blizzard demons
  A bunyip (Swamp:3)
  8 black draconians
  2 crystal guardians (Vaults:3)
  A bunyip (shapeshifter) (Depths:4)
  3 jiangshi (Depths:3)
  8 yaktaur captains
  20 ettins
  2 merfolk impalers (Depths:4)
  2 green deaths
  Josephine (D:10)
  4 entropy weavers
  A shambling mangrove (Swamp:4)
  6 great orbs of eyes
  33 vault guards
  4 fire dragons
  3 deep elf high priests
  2 peacekeepers
  2 rakshasas
  6 ice dragons
  A hell beast (Depths:4)
  A ghost crab (Swamp:3)
  28 hydras
  4 ogre magi
  3 catoblepae
  4 jorogumos
  14 alligators
  17 centaur warriors
  7 ironbound frosthearts
  5 spriggan air magi
  A two-headed ogre (shapeshifter) (Vaults:5)
  12 two-headed ogres
  5 radroaches
  24 dancing weapons
  3 death yaks (Lair:5)
  3 vampire magi
  6 demonic crawlers
  A death scarab (Spider:4)
  15 boulder beetles
  A sphinx skeleton (Vaults:2)
  15 deep troll earth magi
  4 spriggan berserkers
  8 tengu warriors
  Urug (D:13)
  6 hell hogs
  9 deep troll shamans
  2 occultists (Depths:1)
  26 deep elf knights
  8 orc high priests
  6 soul eaters
  17 sun demons
  11 hell knights
  A shadow wraith (Depths:4)
  13 skeletal warriors
  4 skysharks
  18 iron trolls
  A titan skeleton (Depths:1)
  7 goliath frogs
  7 pharaoh ants
  3 anaconda zombies (Hell)
  60 deep trolls
  A mana viper (shapeshifter) (Depths:1)
  A death drake (Gauntlet)
  A sixfirhy (Depths:1)
  4 glowing orange brains
  2 salamander mystics (Depths:3)
  9 swamp dragons
  A swamp dragon (shapeshifter) (Depths:2)
  6 spriggan druids
  9 steelbarb worms
  8 deep elf archers
  A kraken simulacrum (Hell)
  7 flayed ghosts
  10 orb spiders
  5 bog bodies
  4 arcanists
  A sun moth (Spider:3)
  5 necromancers
  13 lindwurms
  26 deep elf pyromancers
  2 thermic dynamos (Elf:3)
  An alligator zombie (Hell)
  A lindwurm (shapeshifter) (Depths:4)
  A tengu zombie (Depths:3)
  7 harpies
  21 ironbound convokers
  7 phantasmal warriors
  2 shadow dragon skeletons (Vaults:2)
  A fire giant zombie (Depths:3)
  17 orc knights
  3 anaconda skeletons (Hell)
  A frost giant zombie (Depths:1)
  32 deep elf zephyrmancers
  8 orc sorcerers
  23 wolf spiders
  34 ugly things
  8 cyclopes
  A cyclops (shapeshifter) (Vaults:5)
  An iron dragon zombie (Depths:3)
  5 shining eyes
  An iron dragon skeleton (Depths:3)
  A faun (shapeshifter) (Depths:4)
  4 manticores
  2 kobold blastminers (Orc:2)
  17 moths of wrath
  2 spectral centaurs (Gauntlet)
  7 salamanders (Depths:3)
  Maurice (D:12)
  6 large abominations
  A nameless horror (Zot:5)
  8 eyes of devastation
  9 meliai
  A stone giant skeleton (Vaults:2)
  12 elephants (Lair:5)
  A rust devil (Zot:4)
  2 molten gargoyles (Hell)
  20 vault sentinels
  2 black mambas
  A water nymph (shapeshifter) (Vaults:3)
  7 smoke demons (Hell)
  8 torpor snails
  10 cane toads
  5 unseen horrors
  A gargoyle (D:6)
  A sea snake zombie (Hell)
  A kobold demonologist (D:12)
  27 yaktaurs
  An efreet (D:15)
  6 hellions
  7 rime drakes
  5 freezing wraiths
  Psyche (D:10)
  14 komodo dragons
  A spectral harpy (Gauntlet)
  A yaktaur skeleton (Vaults:2)
  An ice devil (Hell)
  A spriggan skeleton (Depths:1)
  4 tengu conjurers
  A queen bee (shapeshifter) (Depths:3)
  A hellwing (D:14)
  11 polar bears
  21 hornets
  A red devil (D:14)
  A bloated husk (Swamp:2)
  A merfolk (shapeshifter) (Depths:3)
  12 trolls
  A polar bear (shapeshifter) (Vaults:5)
  11 tyrant leeches
  6 raiju (Lair:5)
  16 tarantellas
  A glass eye (shapeshifter) (Depths:1)
  8 dream sheep (Lair:5)
  A snapping turtle (shapeshifter) (Vaults:1)
  13 blink frogs
  A raiju (shapeshifter) (Vaults:5)
  5 glass eyes
  29 jumping spiders
  A centaur simulacrum (D:15)
  6 water elementals
  An elf skeleton (Vaults:2)
  8 wraiths
  117 slime creatures
  A shadow (D:12)
  4 air elementals
  12 culicivoras
  21 spriggans
  A spriggan (shapeshifter) (D:13)
  47 yaks
  A human (shapeshifter) (D:13)
  6 wyverns
  5 fire bats (Volcano)
  9 basilisks
  16 humans
  4 golden eyes
  5 steam dragons
  A sea snake simulacrum (Hell)
  64 redbacks
  7 vampire mosquitoes
  13 wargs
  3 fire elementals
  5 chaos spawn
  3 neqoxecs (Gauntlet)
  A glowing shapeshifter zombie (Depths:3)
  4 small abominations
  13 swamp worms
  2 acid dragons
  13 hell hounds
  16 water moccasins
  2 sky beasts (D:7)
  57 orc warriors
  8 swamp drakes
  14 black bears
  2 ice beasts
  An ettin simulacrum (Depths:1)
  6 boggarts
  15 ogres
  28 centaurs
  27 wolves
  3 phantoms
  A kobold brigand (D:8)
  13 bullfrogs
  2 gnoll sergeants
  2 earth elementals
  5 scorpions
  2 human skeletons (Vaults:2)
  14 wights
  7 killer bees
  8 howler monkeys
  9 electric eels
  A bombardier beetle (D:4)
  5 hounds
  30 orc priests
  4 gnoll boudas
  19 jellies
  A sleepcap (D:8)
  24 orc wizards
  An iguana (D:4)
  A hell rat (Depths:4)
  5 adders
  19 gnolls
  2 white imps
  2 ufetubi (D:7)
  2 ribbon worms (D:3)
  A dart slug (D:3)
  107 orcs
  7 ball pythons
  7 bats
  4 endoplasms
  4 giant cockroaches
  5 goblins
  5 hobgoblins
  15 kobolds
  7 quokkas
  6 frilled lizards
  10 rats
  4 ball lightnings
  3 tentacles (Hell)
2602 creatures vanquished.

Vanquished Creatures (collateral kills)
  2 Orb Guardians (Zot:5)
  An acid blob (Slime:2)
  An azure jelly (Slime:1)
  A draconian scorcher (Zot:5)
  A draconian knight (Zot:2)
  An orc warlord (Orc:2)
  An ironbound preserver (Vaults:2)
  A draconian stormcaller (Zot:3)
  A quicksilver ooze (Slime:1)
  A minotaur (Gauntlet)
  A bunyip (Swamp:1)
  A hell knight (Depths:4)
  A goliath frog (Swamp:1)
  An oklob plant (Zot:3)
  An orc warrior (Orc:2)
  A ball lightning (Spider:2)
17 creatures vanquished.

Vanquished Creatures (others)
  2 draconian knights
  A draconian shifter (Zot:4)
  A deep elf death mage (Elf:3)
  A vampire knight (Depths:3)
  An ice dragon (Depths:3)
  3 deep elf knights (Elf:3)
  A spriggan (Swamp:2)
  A deep elf archer (Elf:3)
  A deep elf zephyrmancer (Elf:1)
  A hornet (Swamp:2)
  A swamp worm (Swamp:3)
  2 orc warriors
  A wolf (Lair:2)
  An orc priest (Orc:1)
  An orc (D:15)
  1235 ball lightnings
  A tentacle (Hell)
1255 creatures vanquished.

Grand Total: 3874 creatures vanquished

Notes
Turn   | Place    | Note
-------+----------+-------------------------------------------
     0 | D:1      | cojito the Oni Wanderer began the quest for the Orb.
     0 | D:1      | cojito set off with the following items: a +0 flail, a
                  | scroll of vulnerability, a +0 kite shield, a scroll of
                  | fear, a +0 robe.
     0 | D:1      | Reached XP level 1. HP: 22/22 MP: 1/1
    99 | D:1      | Reached XP level 2. HP: 29/29 MP: 2/2
   101 | D:1      | Reached skill level 3 in Fighting
   717 | D:1      | Reached XP level 3. HP: 37/37 MP: 3/3
  1142 | D:2      | Found a bloodstained altar of Trog.
  1619 | D:2      | Reached XP level 4. HP: 37/48 MP: 4/4
  2388 | D:3      | Reached skill level 4 in Fighting
  3154 | D:4      | Noticed a water moccasin
  3175 | D:4      | Killed a water moccasin
  3176 | D:4      | Reached XP level 5. HP: 13/55 MP: 5/5
  3333 | D:4      | Found Pickyk's Distillery.
  3338 | D:4      | Reached XP level 6. HP: 63/63 MP: 6/6
  3341 | D:4      | Bought a potion of heal wounds for 55 gold pieces
  3470 | D:4      | Found Maf Fair's Distillery.
  3478 | D:4      | Bought a potion of might for 52 gold pieces
  3499 | D:4      | Reached skill level 5 in Fighting
  3758 | D:4      | Noticed an ice beast
  3775 | D:4      | Killed an ice beast
  3776 | D:4      | Reached XP level 7. HP: 20/72 MP: 7/7
  3966 | D:4      | Found Pulyt's Jewellery Boutique.
  3969 | D:4      | Found Ydoep's General Store.
  4749 | D:5      | Entered Level 5 of the Dungeon
  4820 | D:5      | Found a staircase to the Ecumenical Temple.
  4832 | Temple   | Entered the Ecumenical Temple
  4845 | Temple   | Became a worshipper of Cheibriados the Contemplative
  5262 | D:5      | Reached skill level 6 in Fighting
  5790 | D:5      | Reached XP level 8. HP: 71/84 MP: 8/8
  5842 | D:5      | Noticed a wyvern
  5849 | D:5      | Killed a wyvern
  5855 | D:5      | Reached * piety under Cheibriados
  6278 | D:5      | Reached skill level 7 in Fighting
  6461 | D:4      | Bought a potion of heal wounds for 55 gold pieces
  6461 | D:4      | Bought a potion of curing for 33 gold pieces
  6461 | D:4      | Bought a potion of heal wounds for 55 gold pieces
  6739 | D:6      | Noticed a gargoyle
  6787 | D:6      | Killed a gargoyle
  6788 | D:6      | Reached skill level 5 in Dodging
  6788 | D:6      | Reached skill level 5 in Shields
  6788 | D:6      | Reached XP level 9. HP: 71/94 MP: 9/9
  7150 | D:6      | Reached skill level 8 in Fighting
  7516 | D:6      | Identified the serpent talisman of Too Many Cooks {+Blink
                  | rElec rN+}
  7845 | D:7      | Identified the +2 ring mail of Apathy {Rampage rF- Str+2}
  7914 | D:7      | Identified the +9 hand axe of the Sharing Shrike {freeze,
                  | rPois}
  8008 | D:7      | Reached skill level 1 in Axes
  8134 | D:7      | Reached ** piety under Cheibriados
  8135 | D:7      | Reached skill level 9 in Fighting
  8154 | D:7      | Reached XP level 10. HP: 72/107 MP: 3/10
  8652 | D:7      | Found a shimmering blue altar of Sif Muna.
  8653 | D:7      | Reached *** piety under Cheibriados
  9069 | D:8      | Found a white marble altar of Elyvilon.
  9070 | D:8      | Found an opulent altar of Gozag.
  9070 | D:8      | Found a bloodstained altar of Trog.
  9071 | D:8      | Found a basalt altar of Yredelemnul.
  9085 | D:8      | Reached skill level 1 in Armour
  9126 | D:8      | Reached skill level 1 in Spellcasting
  9218 | D:8      | Reached skill level 10 in Fighting
  9541 | D:8      | Reached **** piety under Cheibriados
  9799 | D:9      | Noticed a two-headed ogre
  9810 | D:9      | Killed a two-headed ogre
  9926 | D:9      | Reached XP level 11. HP: 119/119 MP: 15/15
 10736 | D:9      | Reached skill level 11 in Fighting
 10737 | D:9      | Reached skill level 5 in Armour
 11251 | D:10     | Entered Level 10 of the Dungeon
 11273 | D:10     | Reached ***** piety under Cheibriados
 11487 | D:10     | Noticed a vault guard
 11500 | D:10     | Killed a vault guard
 11501 | D:10     | Reached skill level 5 in Invocations
 11730 | D:10     | Found a portal to a secret trove of treasure.
 11935 | D:10     | Noticed Josephine
 12022 | D:10     | Noticed Psyche
 12031 | D:10     | Killed Psyche
 12077 | D:10     | Killed Josephine
 12078 | D:10     | Reached skill level 5 in Spellcasting
 12078 | D:10     | Noticed a walking earthen tome
 12081 | D:10     | Found Ecub's Book Emporium.
 12083 | D:10     | Noticed a walking earthen tome
 12094 | D:10     | Bought a book of Lightning for 432 gold pieces
 12101 | D:10     | Learned a level 4 spell: Airstrike
 12106 | D:10     | Learned a level 4 spell: Vhi's Electric Charge
 12112 | D:10     | Learned a level 5 spell: Arcjolt
 12251 | D:10     | Noticed Gastronok
 12259 | D:10     | Noticed an ogre mage
 12606 | D:10     | Noticed Harold
 12610 | D:10     | Harold changed into Harold the redback
 12610 | D:10     | Noticed Harold
 12621 | D:9      | Killed Harold the redback
 12691 | D:10     | Killed Gastronok
 12692 | D:10     | Reached skill level 1 in Air Magic
 12692 | D:10     | Reached XP level 12. HP: 91/132 MP: 19/19
 12804 | D:10     | Found a staircase to the Lair.
 12830 | D:10     | Reached skill level 12 in Fighting
 12888 | D:10     | Killed an ogre mage
 13185 | D:11     | Noticed a boulder beetle
 13232 | D:11     | Killed a boulder beetle
 13469 | D:11     | Found a runed translucent door.
 13469 | D:11     | Found a runed translucent door.
 13469 | D:11     | Noticed an ogre mage
 13524 | D:11     | Noticed a stone giant
 13524 | D:11     | Noticed an ettin
 13535 | D:11     | Killed a stone giant
 13545 | D:11     | Killed an ettin
 13715 | D:11     | Found the dreamshard necklace {Acrobat *Dream}
 13720 | D:11     | Got the Almanac of Kindled Destiny
 13739 | D:11     | Identified the +2 rapier of the Old World {freeze, rElec}
 14066 | D:11     | Found a transporter.
 14086 | D:11     | Found a transporter.
 14090 | D:11     | Noticed Fodor's ghost (journeyman MiFi)
 14585 | D:12     | Reached ****** piety under Cheibriados
 14743 | D:12     | Noticed Maurice
 14753 | D:12     | Reached skill level 5 in Air Magic
 14756 | D:12     | Reached XP level 13. HP: 93/141 MP: 15/20
 14772 | D:12     | Found a staircase to the Orcish Mines.
 14779 | D:12     | Killed Maurice
 14787 | D:12     | Identified the blade talisman "Qegeoqid" {rC- Str+4 Int+2
                  | Stlth+}
 15082 | Orc:1    | Entered Level 1 of the Orcish Mines
 15167 | Orc:1    | Noticed an orc warlord
 15181 | Orc:1    | Killed an orc warlord
 15182 | Orc:1    | Reached skill level 13 in Fighting
 15253 | Orc:1    | Found Helaus's Armour Shop.
 15461 | Orc:1    | Found a roughly hewn altar of Beogh.
 16042 | D:4      | Bought a potion of experience for 550 gold pieces
 16042 | D:4      | Reached XP level 14. HP: 153/153 MP: 21/21
 16265 | Lair:1   | Entered Level 1 of the Lair of Beasts
 16489 | Lair:1   | Found a dark tunnel.
 16502 | Volcano  | Entered a volcano
 17651 | Lair:2   | Found a hole to the Spider Nest.
 17688 | Lair:2   | Found a gate leading to a gauntlet.
 17700 | Gauntlet | Entered a Gauntlet
 17700 | Gauntlet | Found a transporter.
 17703 | Gauntlet | Found a transporter.
 17704 | Gauntlet | Found a runed translucent gate.
 17704 | Gauntlet | Found a runed translucent gate.
 17705 | Gauntlet | Noticed a cacodemon
 17706 | Gauntlet | Found a transporter.
 17707 | Gauntlet | Found a transporter.
 17708 | Gauntlet | Found a runed translucent gate.
 17712 | Gauntlet | Found a transporter.
 17714 | Gauntlet | Found a transporter.
 17716 | Gauntlet | Found a large runed translucent door.
 17717 | Gauntlet | Found a large runed translucent door.
 17718 | Gauntlet | Found a large runed translucent door.
 17718 | Gauntlet | Found a large runed translucent door.
 17718 | Gauntlet | Found a runed translucent door.
 17719 | Gauntlet | Found a large runed translucent door.
 17720 | Gauntlet | Found a large runed translucent door.
 17724 | Gauntlet | Found a large runed translucent door.
 17724 | Gauntlet | Found a large runed translucent door.
 17727 | Gauntlet | Found a runed translucent gate.
 17729 | Gauntlet | Found a transporter.
 17746 | Gauntlet | Found a transporter.
 17746 | Gauntlet | Found a runed translucent gate.
 17747 | Gauntlet | Found a runed translucent gate.
 17747 | Gauntlet | Found a runed translucent door.
 17749 | Gauntlet | Found a large runed translucent door.
 17749 | Gauntlet | Found a large runed translucent door.
 17750 | Gauntlet | Found a large runed translucent door.
 17751 | Gauntlet | Found a large runed translucent door.
 17769 | Gauntlet | Found a large runed translucent door.
 17769 | Gauntlet | Found a large runed translucent door.
 17770 | Gauntlet | Found a large runed translucent door.
 17771 | Gauntlet | Found a large runed translucent door.
 17816 | Gauntlet | Noticed a cacodemon
 17818 | Gauntlet | Gained mutation: Your magical capacity is low. (-10% MP) [a
                  | cacodemon]
 17833 | Gauntlet | Killed a cacodemon
 17961 | Gauntlet | Lost mutation: Your magical capacity is low. (-10% MP)
                  | [potion of mutation]
 17961 | Gauntlet | Gained mutation: Your mind is acute. (Int +4, Str/Dex -1)
                  | [potion of mutation]
 17961 | Gauntlet | Gained mutation: Your magical capacity is low. (-10% MP)
                  | [potion of mutation]
 17961 | Gauntlet | Gained mutation: You are agile. (Dex +4, Str/Int -1)
                  | [potion of mutation]
 17961 | Gauntlet | Gained mutation: You are covered in fur. (AC +1) [potion of
                  | mutation]
 17984 | Gauntlet | Reached skill level 10 in Armour
 17992 | Gauntlet | Identified the ring "Wifyhac" {rElec rF+ rCorr SInv}
 18191 | Gauntlet | Identified the +2 leather armour of Roysym {Will+ Regen+
                  | Str+3}
 18211 | Lair:2   | Reached skill level 10 in Air Magic
 18591 | Lair:2   | Found a staircase to the Swamp.
 18785 | Lair:2   | Found a shimmering blue altar of Sif Muna.
 19150 | Lair:3   | Reached skill level 14 in Fighting
 19266 | Lair:3   | You fall into a shaft and drop 2 floors!
 19266 | Lair:5   | Entered Level 5 of the Lair of Beasts
 19277 | Lair:5   | Reached XP level 15. HP: 149/163 MP: 20/20
 19317 | Lair:4   | Reached skill level 10 in Shields
 19463 | Lair:4   | Reached skill level 1 in Conjurations
 19729 | Lair:4   | Got the Anthology of the Ironbound Mob
 20061 | Lair:4   | Identified the +1 short sword of the Bespelling Coward
                  | {pain, rElec Str-5 Dex+7}
 21051 | Lair:5   | Identified the +1 pair of boots "Yrisek" {rC++ rN+ Str+3}
 21472 | Lair:5   | Identified a scroll of acquirement
 21865 | Lair:5   | Reached skill level 15 in Fighting
 21932 | Lair:5   | Reached XP level 16. HP: 99/176 MP: 1/21
 22419 | Lair:5   | Found a staircase to the Slime Pits.
 22894 | D:10     | Bought a book of Chaos for 600 gold pieces
 22930 | D:13     | Noticed Urug
 22930 | D:13     | Found a gate to the Vaults.
 22937 | D:13     | Killed Urug
 23192 | D:12     | Learned a level 6 spell: Conjure Ball Lightning
 24082 | D:13     | Identified the ring of Daosugg {rElec rC+ rN+ Dex+6}
 24575 | Orc:2    | Entered Level 2 of the Orcish Mines
 24869 | Orc:2    | Reached skill level 5 in Conjurations
 25080 | Orc:2    | Found a staircase to the Elven Halls.
 25285 | Orc:2    | Reached skill level 1 in Evocations
 25359 | Orc:2    | Found Voubb's Magic Scroll Emporium.
 25397 | Orc:2    | Bought a scroll of enchant armour for 105 gold pieces
 25397 | Orc:2    | Bought a scroll of fog for 56 gold pieces
 25397 | Orc:2    | Bought a scroll of enchant armour for 105 gold pieces
 25397 | Orc:2    | Bought a scroll of identify for 28 gold pieces
 25739 | Orc:2    | Found Tocinece's Assorted Antiques.
 25756 | Orc:2    | Bought a scroll of teleportation for 63 gold pieces
 25756 | Orc:2    | Bought a scroll of butterflies for 84 gold pieces
 25796 | Orc:2    | Found a roughly hewn altar of Beogh.
 25924 | Orc:2    | Found a roughly hewn altar of Beogh.
 25968 | Orc:2    | Reached skill level 16 in Fighting
 26340 | Orc:2    | Found Olopn's Antique Armour Boutique.
 26376 | Orc:2    | Acquired 1034 gold pieces
 26382 | Orc:2    | Bought a spiked kite shield for 285 gold pieces
 26382 | Orc:2    | Identified the +1 kite shield of the Tundras {^Drain +Blink
                  | rElec rC++ Slay-6} (You bought it in a shop on level 2 of
                  | the Orcish Mines)
 26388 | Orc:2    | Found Utzett's General Store.
 26393 | Orc:2    | Bought a scroll of blinking for 105 gold pieces
 26393 | Orc:2    | Bought a potion of curing for 42 gold pieces
 26393 | Orc:2    | Bought a throwing net for 42 gold pieces
 26393 | Orc:2    | Bought a scroll of enchant weapon for 105 gold pieces
 27001 | Orc:2    | Bought a scroll of enchant weapon for 105 gold pieces
 27126 | D:14     | HP: 4/179 [titanic slime creature (76)]
 27789 | D:14     | Found a bloodstained altar of Trog.
 27921 | D:14     | Reached XP level 17. HP: 187/187 MP: 22/22
 28065 | D:15     | Entered Level 15 of the Dungeon
 28504 | D:15     | Acquired the quicksilver dragon scales "Rawnum" {Will+
                  | Regen+ Int+2}
 28955 | D:15     | Identified the +4 short sword of the Lonely Realms {flame,
                  | *Rage rN++ Int+3}
 29134 | D:15     | Learned a level 4 spell: Summon Blazeheart Golem
 29242 | D:15     | Found a staircase to the Depths.
 29256 | D:15     | Reached skill level 1 in Fire Magic
 29606 | Swamp:1  | Entered Level 1 of the Swamp
 30070 | Swamp:1  | Identified the +0 leather armour "Asijepik" {rElec Str+2
                  | Dex+3}
 30399 | Swamp:2  | Reached skill level 17 in Fighting
 31304 | Swamp:3  | Reached skill level 5 in Fire Magic
 31305 | Swamp:3  | Reached skill level 1 in Summonings
 31305 | Swamp:3  | Reached XP level 18. HP: 107/201 MP: 7/23
 31844 | Swamp:4  | Entered Level 4 of the Swamp
 32803 | Swamp:4  | Reached skill level 5 in Axes
 33043 | Swamp:4  | Got a decaying rune of Zot
 33304 | Spider:1 | Entered Level 1 of the Spider Nest
 34828 | Spider:3 | Lost mutation: You are agile. (Dex +4, Str/Int -1)
                  | [mutagenic glow]
 35784 | Spider:2 | Reached XP level 19. HP: 196/211 MP: 26/26
 36010 | Spider:3 | Reached skill level 18 in Fighting
 37219 | Spider:4 | Entered Level 4 of the Spider Nest
 37326 | Spider:4 | Identified the scarf of Entitlement {repulsion, *Corrode
                  | rElec MP+9 Str+3}
 38179 | Spider:4 | Identified the +0 hat of Ebysaikk {Str+5}
 38241 | Spider:4 | Got a gossamer rune of Zot
 38572 | Elf:1    | Entered Level 1 of the Elven Halls
 38721 | Elf:1    | Reached skill level 5 in Summonings
 39055 | Elf:1    | Found a flickering gateway to a bazaar.
 39060 | Bazaar   | Entered a bazaar
 39068 | Bazaar   | Found Ossattit's Antique Armour Shop.
 39094 | Bazaar   | Found Umywit's Jewellery Shop.
 39252 | Elf:1    | Reached XP level 20. HP: 193/223 MP: 20/30
 39580 | Elf:1    | Got Baliph's Precepts of Conjuration
 40008 | Elf:2    | Paralysed by an air elemental for 1 turns
 40259 | Elf:2    | Reached skill level 10 in Spellcasting
 40274 | Elf:2    | Found a runed translucent gate.
 40275 | Elf:2    | Found a runed translucent gate.
 40275 | Elf:2    | Found a runed translucent gate.
 40307 | Elf:2    | Reached skill level 19 in Fighting
 40398 | Elf:3    | Entered Level 3 of the Elven Halls
 40531 | Elf:3    | Paralysed by an air elemental for 1 turns
 40563 | Elf:3    | Learned a level 7 spell: Spellforged Servitor
 40844 | Elf:3    | Paralysed by an air elemental for 1 turns
 40995 | Elf:3    | Paralysed by an air elemental for 1 turns
 41020 | Elf:3    | Identified the staff of Incongruity {rF+ MP+9 Str+3 Summ
                  | Fire Alchemy}
 41027 | Elf:3    | Noticed Louise
 41219 | Elf:3    | Identified the +7 quarterstaff "Ritel" {drain, rF+ Int+4
                  | Dex+3}
 41276 | Elf:3    | Saved by the dreamshard amulet
 41444 | Elf:3    | Killed Louise
 41906 | Elf:3    | Reached XP level 21. HP: 160/235 MP: 12/33
 41910 | Elf:3    | Identified the +4 halberd of Cupuol {freeze, Int+5}
 42266 | Elf:3    | Got Nok Muh's Anthology of the Polluted Blaze
 42267 | Elf:3    | Identified the staff of the Volcano {rPois Conj}
 42576 | Vaults:1 | Entered Level 1 of the Vaults
 44015 | Vaults:2 | Noticed Bai Suzhen
 44064 | Vaults:1 | HP: 11/236 [peacekeeper/volley of spikes (12)]
 44603 | Vaults:2 | Acquired 693 gold pieces
 44684 | Vaults:2 | Reached skill level 20 in Fighting
 44957 | Vaults:2 | Found a staircase to the Crypt.
 45020 | Vaults:2 | Reached skill level 10 in Dodging
 45409 | Vaults:1 | Killed Bai Suzhen
 45600 | Vaults:2 | Reached XP level 22. HP: 195/247 MP: 20/35
 46374 | Vaults:3 | Found Hedd's General Store.
 46382 | Vaults:3 | Reached skill level 10 in Conjurations
 47627 | Vaults:4 | Reached skill level 15 in Spellcasting
 47858 | Vaults:4 | Reached skill level 15 in Shields
 47974 | Vaults:4 | Reached skill level 21 in Fighting
 48637 | Depths:1 | Entered Level 1 of the Depths
 48828 | Depths:1 | Reached XP level 23. HP: 245/260 MP: 20/37
 48928 | Depths:1 | Found a gateway to Hell.
 49495 | Depths:1 | Found a one-way gate leading to the halls of Pandemonium.
 49578 | Depths:1 | Found a runed translucent door.
 49813 | Depths:1 | Found a runed translucent door.
 50002 | Depths:1 | Learned a level 7 spell: Orb of Destruction
 50154 | Depths:2 | Reached skill level 10 in Summonings
 50906 | Depths:1 | Reached skill level 22 in Fighting
 51331 | Depths:2 | Identified the +3 arbalest of the Hugging Gods {heavy,
                  | rElec rPois Int+3 Dex+3}
 51333 | Depths:2 | Got Qupron's Parchment of the Winter
 51336 | Depths:2 | Identified the +6 plate armour "Cinail" {Rampage rPois rF-
                  | Int+3}
 51627 | Depths:2 | Found a one-way gate to the infinite horrors of the Abyss.
 51778 | D:10     | You paid a toll of +3 ice dragon scales to enter a treasure
                  | trove
 51779 | Trove    | Entered a treasure trove
 51786 | Trove    | Identified the +1 hat "Poemafos" {rPois Will+}
 51807 | Trove    | Identified the ring of Fanaticism {rF++ rN+ Stlth-}
 51816 | Trove    | Identified the amulet of Pablesurgh {Reflect Will+ Str+4
                  | SH+5}
 51823 | Trove    | Identified the amulet of Sin {Fly rElec Regen+ rCorr Int-3}
 52006 | Vaults:5 | Entered Level 5 of the Vaults
 52009 | Vaults:5 | Reached XP level 24. HP: 218/273 MP: 31/37
 52082 | Vaults:5 | Noticed a dread lich
 52085 | Vaults:5 | Noticed an ancient lich
 52099 | Vaults:4 | Killed a dread lich
 52249 | Vaults:5 | Killed an ancient lich
 52255 | Vaults:4 | HP: 13/275 [titan/the air (40)]
 52465 | Vaults:5 | Noticed a dread lich
 52476 | Vaults:4 | Killed a dread lich
 53336 | Vaults:5 | Noticed Xtahua
 53388 | Vaults:5 | Reached skill level 23 in Fighting
 53576 | Vaults:5 | Got a silver rune of Zot
 53649 | Vaults:5 | Killed Xtahua
 53684 | Vaults:5 | Gained mutation: You occasionally lose the ability to read
                  | scrolls when taking damage. [a shining eye]
 53685 | Vaults:5 | Gained mutation: You are frail. (-10% HP) [a shining eye]
 53695 | Vaults:5 | Lost mutation: You are covered in fur. (AC +1) [potion of
                  | mutation]
 53695 | Vaults:5 | Lost mutation: You occasionally lose the ability to read
                  | scrolls when taking damage. [potion of mutation]
 53695 | Vaults:5 | Gained mutation: Your flesh is heat resistant. (rF+)
                  | [potion of mutation]
 53695 | Vaults:5 | Lost mutation: Your mind is acute. (Int +4, Str/Dex -1)
                  | [potion of mutation]
 53695 | Vaults:5 | Gained mutation: You are partially covered in iridescent
                  | scales. (AC +2) [potion of mutation]
 53695 | Vaults:5 | Gained mutation: You are strong-willed. (Will+) [potion of
                  | mutation]
 53799 | Vaults:5 | Acquired 820 gold pieces
 53923 | Vaults:5 | Identified the +3 ring mail of Pipelosm {rF+ Slay+2} (You
                  | took it off an orc on level 5 of the Vaults)
 54058 | Vaults:5 | Reached XP level 25. HP: 246/256 MP: 32/37
 54145 | Vaults:5 | Identified the staff "Qarhiep" {rN+ Dex+3 Necro}
 54173 | Vaults:5 | Identified the +4 scimitar of Conformity {speed, +Blink
                  | rN+}
 54411 | Vaults:5 | Identified the +10 plate armour "Asulye" {Str+6 Stlth-}
 54565 | Vaults:5 | Learned a level 7 spell: Summon Hydra
 54573 | Vaults:5 | Learned a level 7 spell: Malign Gateway
 54869 | Slime:1  | Entered Level 1 of the Pits of Slime
 55309 | Slime:4  | Gained mutation: You occasionally lose the ability to drink
                  | potions when taking damage. [a shining eye]
 55644 | Slime:5  | Entered Level 5 of the Pits of Slime
 56478 | Slime:5  | Found a viscous altar of Jiyva.
 56539 | Slime:5  | Noticed the Royal Jelly
 56880 | Slime:5  | Lost mutation: You are strong-willed. (Will+) [potion of
                  | mutation]
 56880 | Slime:5  | Lost mutation: You are partially covered in iridescent
                  | scales. (AC +2) [potion of mutation]
 56880 | Slime:5  | Lost mutation: Your flesh is heat resistant. (rF+) [potion
                  | of mutation]
 56880 | Slime:5  | Gained mutation: Your muscles are strong. (Str +4, Int/Dex
                  | -1) [potion of mutation]
 56880 | Slime:5  | Gained mutation: Your natural rate of healing is unusually
                  | fast. [potion of mutation]
 56880 | Slime:5  | Gained mutation: You have sharp toenails. [potion of
                  | mutation]
 56881 | Slime:5  | Lost mutation: Your natural rate of healing is unusually
                  | fast. [potion of mutation]
 56881 | Slime:5  | Lost mutation: Your muscles are strong. (Str +4, Int/Dex
                  | -1) [potion of mutation]
 56881 | Slime:5  | Lost mutation: You occasionally lose the ability to drink
                  | potions when taking damage. [potion of mutation]
 56881 | Slime:5  | Gained mutation: You are resistant to electric shocks.
                  | (rElec) [potion of mutation]
 56881 | Slime:5  | Gained mutation: You are partially covered in iridescent
                  | scales. (AC +2) [potion of mutation]
 56882 | Slime:5  | Lost mutation: You are frail. (-10% HP) [potion of
                  | mutation]
 56882 | Slime:5  | Lost mutation: You are partially covered in iridescent
                  | scales. (AC +2) [potion of mutation]
 56882 | Slime:5  | Gained mutation: Your mind is acute. (Int +4, Str/Dex -1)
                  | [potion of mutation]
 56882 | Slime:5  | Gained mutation: You have razor-sharp toenails. [potion of
                  | mutation]
 56882 | Slime:5  | Lost mutation: Your mind is acute. (Int +4, Str/Dex -1)
                  | [potion of mutation]
 56882 | Slime:5  | Gained mutation: You are partially covered in iridescent
                  | scales. (AC +2) [potion of mutation]
 56932 | Slime:5  | Killed the Royal Jelly
 56972 | Slime:5  | Identified the ring of Divine Compulsion {rPois rC+ Str+3
                  | Dex+6}
 57051 | Slime:5  | Identified the +6 arbalest "Kuujoefo" {speed, Will+ rCorr
                  | Str+3 Stlth-}
 57068 | Slime:5  | Got a slimy rune of Zot
 57113 | Slime:5  | Identified the +6 quarterstaff "Poleref" {antimagic, Str+5}
 57640 | Depths:3 | Noticed Parghit
 57973 | Depths:3 | Reached skill level 24 in Fighting
 57977 | Depths:3 | Reached XP level 26. HP: 165/300 MP: 22/37
 58094 | Depths:3 | Noticed a juggernaut
 58095 | Depths:3 | Noticed Mara
 58097 | Depths:3 | Noticed cojito's illusion
 58280 | Depths:3 | Killed a juggernaut
 58406 | Depths:3 | Reached skill level 10 in Axes
 58797 | Depths:3 | Noticed cojito's illusion
 58819 | Depths:3 | Killed Mara
 59440 | Depths:4 | Entered Level 4 of the Depths
 59600 | Depths:4 | Reached skill level 15 in Armour
 60074 | Depths:4 | Found a gate to the Realm of Zot.
 60361 | Depths:4 | Found a runed translucent gate.
 60362 | Depths:4 | Found a runed translucent gate.
 60363 | Depths:4 | Found a runed translucent gate.
 60449 | Depths:4 | Learned a level 5 spell: Yara's Violent Unravelling
 60584 | Depths:4 | Found a one-way gateway to a ziggurat.
 60741 | Hell     | Entered the Vestibule of Hell
 60741 | Hell     | Noticed Geryon
 60892 | Hell     | Reached skill level 1 in Hexes
 60894 | Hell     | Reached skill level 1 in Alchemy
 60894 | Hell     | Killed Geryon
 61032 | Hell     | Reached skill level 15 in Dodging
 61040 | Depths:4 | Reached XP level 27. HP: 185/312 MP: 10/37
 61251 | Hell     | Found a gateway to the freezing wastes of Cocytus.
 61483 | Hell     | Found a gateway to the Iron City of Dis.
 61541 | Hell     | Found a gateway to the ashen valley of Gehenna.
 61658 | Hell     | Found a gateway to the decaying netherworld of Tartarus.
 61846 | Zot:1    | Entered Level 1 of the Realm of Zot
 61862 | Zot:1    | Acquired 658 gold pieces
 61957 | Zot:1    | Identified the +2 war axe of Tithrasm {venom, Int+5}
 62343 | Zot:1    | Reached skill level 25 in Fighting
 63539 | Zot:2    | You fall into a shaft and drop 1 floor!
 64099 | Zot:3    | Found a runed translucent door.
 64099 | Zot:3    | Noticed Gazog's ghost (veteran VSRe)
 64261 | Zot:3    | Killed Gazog's ghost
 64262 | Zot:3    | Reached skill level 10 in Invocations
 65199 | Zot:4    | Learned a level 4 spell: Dispel Undead
 65261 | Zot:4    | Reached skill level 1 in Necromancy
 65575 | Zot:4    | Noticed Grunn
 65583 | Zot:4    | Killed Grunn
 66055 | Zot:5    | Entered Level 5 of the Realm of Zot
 66735 | Zot:5    | Paralysed by a Zot trap for 5 turns
 66794 | Zot:5    | Noticed an orb of fire
 66803 | Zot:5    | Noticed an ancient lich
 66805 | Zot:5    | Gained mutation: You have hidden genetic defects. [an orb
                  | of fire]
 66806 | Zot:5    | Killed an orb of fire
 66807 | Zot:5    | Reached skill level 5 in Necromancy
 66815 | Zot:5    | Killed an ancient lich
 66824 | Zot:5    | Noticed an orb of fire
 66834 | Zot:5    | Killed an orb of fire
 67024 | Zot:5    | Reached skill level 26 in Fighting
 67112 | Zot:5    | Gained mutation: You occasionally shout uncontrollably at
                  | your foes. [hidden defects]
 67273 | Zot:5    | Got the Orb of Zot
 67276 | Zot:5    | Noticed an orb of fire
 67278 | Zot:5    | Noticed an orb of fire
 67293 | Zot:5    | Noticed a dread lich
 67293 | Zot:5    | Noticed an orb of fire
 67296 | Zot:5    | Gained mutation: You are clumsy. (Dex -2) [an orb of fire]
 67664 | Depths:1 | Gained mutation: You sometimes lose your temper in combat.
                  | [hidden defects]
 67664 | Depths:1 | Lost mutation: You have hidden genetic defects. [hidden
                  | defects expressed]
 67665 | Depths:1 | Lost mutation: You have razor-sharp toenails. [potion of
                  | mutation]
 67665 | Depths:1 | Lost mutation: You sometimes lose your temper in combat.
                  | [potion of mutation]
 67665 | Depths:1 | Gained mutation: Your muscles are strong. (Str +4, Int/Dex
                  | -1) [potion of mutation]
 67665 | Depths:1 | Gained mutation: You possess an exceptional clarity of
                  | mind. [potion of mutation]
 67705 | D:14     | Noticed Toekhlo the pandemonium lord
 67724 | D:14     | Killed Toekhlo the pandemonium lord
 68045 | D:$      | Escaped with the Orb!

Illustrated notes

Levels and vault maps discovered:
D:1:      lemuel_arrival_tunnels, layout_basic
D:2:      minmay_skewed_foursquare, layout_loops_corners, basic_altar
D:3:      layout_basic, small_statue_alley_b, grunt_ministairs_5
D:4:      layout_basic, serial_shops, nicolae_shop_industrial_runoff, shop,
          nicolae_shop_crystal, shop
D:5:      cheibrodos_two_vegetables, layout_loops_ring,
          minmay_temple_entry_arrows
D:6:      layout_basic
D:7:      layout_loops_cross, kennysheep_orc_sif_temple,
          minmay_fractal_squares_diagonal_5
D:8:      layout_cave_pools, chequers_temple_overflow_statue_of_worship
D:9:      layout_rooms
D:10:     layout_basic, erik_lair_orcish_takeover, serial_shops,
          nicolae_shop_mannequins, enter_trove_5,
          minmay_fractal_squares_gapless_7, uniq_harold, uniq_josephine,
          uniq_psyche, uniq_gastronok
D:11:     minmay_the_grid_four_pointed_star
          [minmay_the_grid_triangle_9x9_descending_squares,
          minmay_the_grid_triangle_9x9_tough_junction,
          minmay_the_grid_triangle_9x9_wacky_v,
          minmay_the_grid_triangle_9x9_sprig,
          minmay_the_grid_prize_diamond_cup], layout_rooms,
          gammafunk_ghost_berserking_beasts
D:12:     nicolae_BIG_FREAKIN_CUBE, layout_long_grid, david_orc_2, uniq_maurice
D:13:     minmay_stepped, layout_irregular_city, david_vaults_3
D:14:     layout_basic, bloody_trog
D:15:     grunt_enter_depths_snipers, layout_basic,
          chequers_hall_statues_corner_a
Temple:   nicolae_temple_bog_church
Lair:1:   layout_roguey, lightli_volcano_entry_magma_tube
Lair:2:   layout_gridlike, nicolae_swamp_entry_splash_gauntlet,
          dummy_spider_entry, gauntlet_entry_generic, basic_altar,
          lemuel_fruit_tree, serial_bayou_shore_b
Lair:3:   layout_chaotic_city, uniq_sonja, uniq_nergalle
Lair:4:   layout_cave_pods, uniq_urug
Lair:5:   hangedman_lair_in_review, layout_cellular_growth,
          hangedman_lair_caniforms_friends, slime_entry_1, minivault_25,
          pdpol_lair_neglected_garden, serial_bayou_shore_b
Swamp:1:  tekkud_swamp_unearthing_site, layout_falls_marsh,
          evilmike_swamp_ruin_rubble_1, evilmike_swamp_ruin_house_5
Swamp:2:  layout_basic_swamp, wheals_swamp_sinkhole, lightli_tree_ring
Swamp:3:  layout_falls_marsh, evilmike_swamp_ruin_house_1
Swamp:4:  swamp_alternative, layout_basic_swamp
Spider:1: layout_cave_pods
Spider:2: layout_chambers, hellmonk_test_site
Spider:3: layout_chambers
Spider:4: grunt_spider_rune_circles, nicolae_spider_world_wide_web
Slime:1:  layout_caves
Slime:2:  layout_caves
Slime:3:  layout_caves
Slime:4:  layout_caves
Slime:5:  slime_pit_nicolae_inversion
Orc:1:    layout_diamond_mine, serial_shops, nicolae_shop_behind_doors,
          nicolae_orc_beogh_chapel
Orc:2:    pubby_orc_utopia
Elf:1:    minmay_elf_arrival_plus, layout_loops_corners, serial_shops,
          bzr_entry_road, minmay_elf_sorcery
Elf:2:    nicolae_elf_blades_crystal_corner, layout_geoelf_grid
Elf:3:    minmay_elf_hall, layout_geoelf_diagonals, corexii_checkpoint,
          uniq_louise
Vaults:1: v_misc_11, nicolae_vaults_sightless_eye,
          nicolae_vaults_little_squares_5, vaults_room_corners,
          nicolae_vaults_security_offices_5, v_misc_28,
          nicolae_vaults_little_ls, nicolae_vaults_diagonal_hallway_8,
          minmay_orc_keep, vaults_room_door_hall, layout_vaults_ring
Vaults:2: vaults_room_guarded_vault, minmay_crypt_entry_skeletal_spiral,
          nicolae_vaults_spaceships, v_misc_1, nicolae_vaults_trapezoid_3,
          lightli_orcish_oven, vaults_room_grid, ontoclasm_vaults_ring_small,
          nicolae_vaults_storage_room_doors, vaults_room_fours,
          nicolae_vaults_mitosis, hangedman_vaults_stream,
          nicolae_vaults_tetromino_Z_1, v_misc_24, layout_vaults_omnibox,
          uniq_bai_suzhen
Vaults:3: nicolae_vaults_cochlea, nicolae_vaults_doubleplus_tesselated,
          nicolae_vaults_oval_intersection, st_octagons_2, v_misc_29,
          v_alt_pattern_3, nicolae_vaults_trapezoid_3, v_misc_10,
          vaults_room_large_hall, v_alt_pattern_1, v_misc_30,
          hangedman_vaults_slice, nicolae_vaults_mini_display_case,
          layout_vaults_omnicross, serial_shops, nicolae_shop_waterfront
Vaults:4: nicolae_vaults_diamond_2, nicolae_vaults_big_ls, v_misc_29,
          ontoclasm_vaults_idyll, hangedman_vaults_maws,
          nicolae_vaults_network_s, nicolae_vaults_tetromino_L_2,
          ontoclasm_vaults_twist, v_rooms_6, nicolae_vaults_ring_of_whatevers,
          v_rooms_5, nicolae_vaults_apartment_2, layout_vaults_maze
Vaults:5: uniq_xtahua
Depths:1: layout_roguey, rand_demon_pan_entry_9,
          amcnicky_mini_rare_corridor_liquid, hell_entry, lightli_gold_pyramid
Depths:2: minmay_complete_graph, layout_cave_pools, pan_entry, hell_entry,
          minmay_room_of_horrors
Depths:3: nicolae_fronds_of_death, layout_long_grid,
          nicolae_hell_entry_hellmouth_sunbeams, abyss_entry, uniq_parghit,
          uniq_mara
Depths:4: grunt_zot_entry_tricorne, layout_basic, enter_ziggurat_c,
          pf_coc_iceberg, chequers_jeans, pandoras_box_mu
Hell
Zot:1:    layout_concentric_octagons, hangedman_zot_decor_slant,
          grunt_megastairs_2
Zot:2:    layout_gridlike, regret_index_zotdec_decaying_basic
Zot:3:    lemuel_acid_trip, layout_concentric_octagons,
          hellmonk_ghost_happy_afterlife, regret_index_zotdec_serpentine_scales
Zot:4:    layout_gridlike, regret_index_zotdec_silver_v_v_loose, st_stairs_13,
          grunt_ministairs_3, bh_zot_levy_curve, uniq_grunn
Zot:5:    layout_basic, skrybe_zot_glass_1

Skill      XL: |  1  2  3  4  5  6  7  8  9 10 11 12 13 14 15 16 17 18 19 20 21 22 23 24 25 26 27 |
---------------+----------------------------------------------------------------------------------+-----
Fighting       | 3 4 5 6 7 9 10 11 12 13 14 15 16 17 18 19 20 21 22 23 24 26 | 26.4
Shields        | 2 3 4 5 6 7 8 9 10 11 12 13 14 15 16 17 19 | 19.1
Dodging        | 2 3 5 6 7 9 10 11 12 13 14 15 16 | 16.5
Maces & Flails | 6 7 |  7.9
Axes           | 3 6 8 9 11 13 | 13.5
Armour         | 4 6 8 10 11 12 13 14 15 16 | 16.9
Spellcasting   | 3 5 7 9 11 13 15 | 15.0
Invocations    | 3 6 7 8 12 | 12.0
Air Magic      | 1 5 8 10 11 13 14 | 14.0
Conjurations   | 3 5 6 7 8 9 10 12 13 14 | 14.0
Evocations     | 2 3 |  3.0
Fire Magic     | 5 6 |  6.0
Summonings     | 1 3 5 6 8 9 10 11 12 14 | 14.2
Hexes          | 1 4 |  4.7
Alchemy        | 1 4 |  4.6
Necromancy     | 5 |  5.0

Action                     |  1- 3 |  4- 6 |  7- 9 | 10-12 | 13-15 | 16-18 | 19-21 | 22-24 | 25-27 || total
---------------------------+-------+-------+-------+-------+-------+-------+-------+-------+-------++-------
  Melee: Flail             |   109 |   126 |   197 |       |       |       |       |       |       ||   432
         Headbutt          |     9 |    21 |    41 |   109 |   214 |   388 |   417 |   302 |   438 ||  1939
         Dagger            |       |    16 |       |       |       |       |       |       |       ||    16
         Staff             |       |     8 |       |       |     1 |    39 |    21 |    23 |    12 ||   104
         Hand axe          |       |       |    40 |   494 |   628 |  1098 |  1158 |   495 |       ||  3913
         Executioner's axe |       |       |       |       |    35 |       |       |       |       ||    35
         Broad axe         |       |       |       |       |       |       |       |   165 |  1197 ||  1362
         Kick              |       |       |       |       |       |       |       |       |   623 ||   623
  Throw: Throwing net      |       |       |       |       |     5 |     5 |     1 |       |       ||    11
   Cast: Airstrike         |       |       |       |       |     7 |    35 |    21 |     2 |    26 ||    91
         Arcjolt           |       |       |       |       |    16 |    47 |    37 |    18 |       ||   118
         Conjure Ball Ligh |       |       |       |       |       |    55 |    89 |   158 |   144 ||   446
         Summon Blazeheart |       |       |       |       |       |     2 |     1 |       |       ||     3
         Spellforged Servi |       |       |       |       |       |       |       |     1 |    28 ||    29
         Summon Hydra      |       |       |       |       |       |       |       |       |     2 ||     2
         Dispel Undead     |       |       |       |       |       |       |       |       |    10 ||    10
         Orb of Destructio |       |       |       |       |       |       |       |       |     3 ||     3
         Yara's Violent Un |       |       |       |       |       |       |       |       |     1 ||     1
 Invoke: Slouch            |       |       |       |     1 |    10 |    17 |    13 |     4 |     3 ||    48
         Step From Time    |       |       |       |       |       |       |       |       |     8 ||     8
         Temporal Distorti |       |       |       |       |       |       |       |       |     1 ||     1
  Evoke: Wand              |       |       |    12 |    15 |     4 |     2 |     5 |       |     4 ||    42
         Condenser vane    |       |       |       |       |     3 |     1 |       |     1 |     1 ||     6
         Phantom mirror    |       |       |       |       |     2 |     2 |       |     1 |     2 ||     7
         Lightning rod     |       |       |       |       |     2 |     1 |       |       |       ||     3
         Box of beasts     |       |       |       |       |       |     2 |     1 |     1 |       ||     4
    Use: Potion            |       |     2 |     6 |     7 |    10 |     4 |     7 |     6 |    12 ||    54
         Scroll            |       |       |    13 |    14 |     8 |    20 |    14 |    11 |    13 ||    93
   Stab: Sleeping          |     3 |     1 |     4 |     1 |     7 |    13 |     1 |       |     3 ||    33
         Distracted        |       |       |       |     1 |     2 |     3 |     3 |     2 |    27 ||    38
         Invisible         |       |       |       |       |    11 |       |       |       |       ||    11
         Held in net/web   |       |       |       |       |     6 |       |     2 |       |       ||     8
         Paralysed         |       |       |       |       |       |       |       |       |     1 ||     1
 Armour: Robe              |    78 |   110 |   163 |       |       |       |       |       |       ||   351
         Skin              |       |       |     9 |    25 |    11 |       |       |       |       ||    45
         Steam dragon scal |       |       |    27 |   325 |   546 |   358 |       |       |       ||  1256
         Quicksilver drago |       |       |       |       |       |   577 |  1086 |   889 |  1440 ||  3992
  Dodge: Dodged            |    31 |    54 |   114 |   287 |   543 |   802 |   804 |   383 |  1028 ||  4046
  Block: Kite shield       |    48 |    59 |   142 |   462 |   681 |  1307 |  1082 |       |       ||  3781
         Tower shield      |       |       |       |       |       |       |   366 |  1311 |  2706 ||  4383

Table legend: (Time is in decaauts)
 A = Elapsed time spent in this place.
 B = Non-inter-level travel time spent in this place.
 C = Inter-level travel time spent in this place.
 D = Time resting spent in this place.
 E = Time spent auto-exploring this place.
 F = Levels seen in this place.
 G = Mean time per level.
                   A        B        C        D        E       F      G
               +--------+--------+--------+--------+--------+-----+--------+
         Total | 101710 |  91315 |  10395 |  18918 |  46662 |  58 | 1753.6 |
       Dungeon |  27972 |  23647 |   4325 |   5901 |  12973 |  15 | 1864.8 |
        Temple |     30 |      3 |     27 |      0 |      0 |   1 |   30.0 |
          Lair |  10065 |   8811 |   1254 |   1309 |   5212 |   5 | 2013.0 |
         Swamp |   5328 |   5001 |    327 |   1311 |   2418 |   4 | 1332.0 |
   Spider Nest |   8365 |   7932 |    433 |    893 |   4959 |   4 | 2091.2 |
    Slime Pits |   3487 |   3243 |    244 |    964 |    812 |   5 |  697.4 |
  Orcish Mines |   5329 |   4361 |    968 |    757 |   2304 |   2 | 2664.5 |
   Elven Halls |   6184 |   5684 |    500 |    662 |   2641 |   3 | 2061.3 |
        Vaults |  13527 |  12075 |   1452 |   2342 |   6010 |   5 | 2705.4 |
        Depths |  10048 |   9648 |    400 |   2751 |   4165 |   4 | 2512.0 |
          Hell |    951 |    906 |     45 |     49 |    522 |   1 |  951.0 |
           Zot |   9037 |   8621 |    416 |   1643 |   4327 |   5 | 1807.4 |
        Bazaar |    109 |    109 |      0 |      0 |     68 |   1 |  109.0 |
         Trove |    101 |    101 |      0 |      0 |      0 |   1 |  101.0 |
       Volcano |    500 |    500 |      0 |     94 |    198 |   1 |  500.0 |
      Gauntlet |    672 |    672 |      0 |    241 |     50 |   1 |  672.0 |
               +--------+--------+--------+--------+--------+-----+--------+

Top non-repeatable levels by time:
   Orc:2: 3701 daAuts
  Lair:5: 3656 daAuts
Vaults:4: 3180 daAuts
Depths:1: 3102 daAuts
Vaults:1: 3056 daAuts
Vaults:2: 2811 daAuts
    D:10: 2766 daAuts
Depths:4: 2755 daAuts
   Elf:3: 2707 daAuts
  Lair:2: 2535 daAuts
Spider:3: 2357 daAuts
Spider:2: 2331 daAuts
    D:13: 2327 daAuts
Depths:3: 2326 daAuts
Vaults:5: 2313 daAuts
